 Dungeon Crawl Stone Soup version 0.28-a0-1447-ga5a8893891 (webtiles) character file.

Game seed: 11553365551988960546

136 oldriver the Ruffian (level 5, -1/46 HPs)
             Began as a Ghoul Chaos Knight on Jan 11, 2022.
             Was a Plaything of Xom.
             Slain by an orc (4 damage)
             ... on level 3 of the Dungeon.
             The game lasted 00:02:28 (2235 turns).

oldriver the Ruffian (Ghoul Chaos Knight)           Turns: 2235, Time: 00:02:28

Health: -1/46      AC:  5    Str: 18      XL:     5   Next: 19%
Magic:  4/4        EV: 11    Int:  7      God:    Xom [*.....]
Gold:   86         SH:  0    Dex:  7 (8)  Spells: 4/4 levels left

rFire   . . .      SeeInvis .     - Unarmed
rCold   + . .      Faith    .   (no shield)
rNeg    + + +      Spirit   .   a - +2 leather armour
rPois   ∞          Reflect  .   (no helmet)
rElec   .          Harm     .   (no cloak)
rCorr   .          Rampage  .   (no gloves)
Will    .....                   (no boots)
Stlth   +.........              (no amulet)
HPRegen 0.00/turn               (no ring)
MPRegen 0.09/turn               (no ring)

@: inhibited regen
A: claws 1, cold resistance 1, negative energy resistance 3, inhibited
regeneration, torment resistance 2
a: Renounce Religion


You were on level 3 of the Dungeon.
You worshipped Xom.
You were a special plaything of Xom.
You visited 1 branch of the dungeon, and saw 3 of its levels.

You collected 86 gold pieces.

Inventory:

Armour
 a - a +2 leather armour (worn)
Jewellery
 m - a ring of protection from fire
Scrolls
 b - a scroll of identify {unknown}
 c - a scroll of teleportation {unknown}
 e - a scroll of torment {unknown}
 h - a scroll of immolation {unknown}
 j - a scroll of brand weapon {unknown}
Potions
 d - a potion of degeneration {unknown}
 f - a potion of curing {unknown}
 g - 2 potions of attraction {unknown}
 i - a potion of heal wounds {unknown}
 k - a potion of mutation {unknown}
 l - 2 potions of might {unknown}


   Skills:
 + Level 4.2 Fighting
 + Level 2.7 Armour
 + Level 2.2 Dodging
 + Level 4.2 Unarmed Combat


You had 4 spell levels left.
You didn't know any spells.
Your spell library was empty.

Dungeon Overview and Level Annotations

Branches:
Dungeon (3/15)

Altars:

Shops:
D:1 ==


Innate Abilities, Weirdness & Mutations

You thrive by killing the living.
You are immune to poison.
You have sharp fingernails.
Your flesh is cold resistant. (rC+)
You are immune to negative energy. (rN+++)
You do not regenerate when monsters are visible.
You are immune to unholy pain and torment.


Message History

You barely miss the hobgoblin.
The hobgoblin hits you but does no damage.
You scratch the hobgoblin.
You kill the hobgoblin!
You barely miss the orc. The orc hits you but does no damage.
You claw the orc!
You kill the orc!
The orc hits you with a +0 club.
* * * LOW HITPOINT WARNING * * *
Things that are here:
a +0 short sword; an orc corpse; a hobgoblin corpse You see here an adder corpse.
You barely miss the orc. The orc barely misses you.
You scratch the orc.
The orc is moderately wounded.
The orc hits you with a +0 club.
* * * LOW HITPOINT WARNING * * *
You scratch the orc but do no damage.
The orc is moderately wounded.
The orc barely misses you.
You closely miss the orc.
The orc is moderately wounded.
The orc hits you with a +0 club.
* * * LOW HITPOINT WARNING * * *
You scratch the orc but do no damage.
The orc is moderately wounded.
The orc hits you with a +0 club.
* * * LOW HITPOINT WARNING * * *
You completely miss the orc.
The orc is lightly wounded.
The orc hits you with a +0 club.
* * * LOW HITPOINT WARNING * * *
You barely miss the orc.
The orc is lightly wounded.
The orc hits you with a +0 club.
* * * LOW HITPOINT WARNING * * *
You scratch the orc but do no damage.
The orc is lightly wounded.
The orc hits you with a +0 club.
You die...

#..... #..#.# .#
#.####..#.# .#
..........####.#
..............#
#.##......##.#
#.##.(.....)....#
#.
#.##.#..#....##.#
..
##.##.#..$...@o..#
..
..##.#......###.#
..###.##.#..#####
.#
......##.#.....#
.#
.#.#........####
.# ............###
.#
....†.[.........
.#
.##....#.........
##
.......##.#####.#


You could see an orc.

Vanquished Creatures
  An orc priest (D:3)
  2 adders
  2 worms (D:2)
  3 dart slugs
  An orc (D:3)
  12 ball pythons
  2 bats
  7 endoplasms
  2 giant cockroaches
  10 goblins
  7 hobgoblins
  9 jackals
  3 kobolds
  A quokka (D:2)
  3 frilled lizards
  6 rats
71 creatures vanquished.

Vanquished Creatures (others)
  A dart slug (D:1)
1 creature vanquished.

Grand Total: 72 creatures vanquished

Notes
Turn   | Place    | Note
-------+----------+-------------------------------------------
     0 | D:1      | oldriver the Ghoul Chaos Knight began the quest for the
                  | Orb.
     0 | D:1      | Reached XP level 1. HP: 19/19 MP: 0/0
    64 | D:1      | Reached skill level 1 in Dodging
   244 | D:1      | XOM: silly message
   245 | D:1      | XOM: cast spell 'Cause Fear'
   263 | D:1      | Reached XP level 2. HP: 26/26 MP: 1/1
   264 | D:1      | XOM: fake destruction
   326 | D:1      | Found Xalus's Jewellery Shoppe.
   333 | D:1      | XOM: destruction
   432 | D:1      | XOM is BORED!
   432 | D:1      | XOM: stat loss: -3 Str (12/15)
   521 | D:1      | Reached XP level 3. HP: 27/31 MP: 2/2
   650 | D:1      | Found a faded altar of an unknown god.
   657 | D:1      | XOM: summons 1 hostile demon
   658 | D:1      | XOM: 4-stop teleportation journey
   759 | D:1      | Found Rotebam's Jewellery Emporium.
  1081 | D:1      | XOM: summons 1 hostile demon
  1507 | D:2      | XOM: confusion
  1580 | D:2      | Reached XP level 4. HP: 30/40 MP: 3/3
  1916 | D:2      | XOM: noise
  2216 | D:3      | Reached XP level 5. HP: 15/46 MP: 4/4
  2235 | D:3      | Slain by an orc

Illustrated notes

Levels and vault maps discovered:
D:1:      dpeg_arrival_renting, layout_basic, basic_ecumenical_altar,
          serial_shops, nicolae_lakefront_shop, shop
D:2:      layout_loops_ring, dk_vineyard_3, minmay_tiny_reverse_x
D:3:      layout_basic, nicolae_wu_jian_wuxing_cycle

Skill      XL: |  1  2  3  4 |
---------------+-------------+-----
Dodging        | 1 2 |  2.2
Armour         | 2 |  2.7
Fighting       | 4 |  4.2
Unarmed Combat | 4 |  4.2

Action                   |  1- 3 |  4- 6 || total
-------------------------+-------+-------++-------
Melee: Unarmed           |   162 |    92 ||   254
       Punch             |     2 |     4 ||     6
Armor: Leather armour    |    67 |    34 ||   101
Dodge: Dodged            |   106 |    40 ||   146

Table legend: (Time is in decaauts)
 A = Elapsed time spent in this place.
 B = Non-inter-level travel time spent in this place.
 C = Inter-level travel time spent in this place.
 D = Time resting spent in this place.
 E = Time spent auto-exploring this place.
 F = Levels seen in this place.
 G = Mean time per level.
                   A        B        C        D        E       F      G
               +--------+--------+--------+--------+--------+-----+--------+
         Total |   2216 |   2168 |     48 |      0 |   1666 |   3 |  738.7 |
       Dungeon |   2216 |   2168 |     48 |      0 |   1666 |   3 |  738.7 |
               +--------+--------+--------+--------+--------+-----+--------+

Top non-repeatable levels by time:
     D:1: 1258 daAuts
     D:2: 811 daAuts
     D:3: 147 daAuts
